 Dungeon Crawl Stone Soup version 0.29.0-4-gdea44cf6ec (webtiles) character file.

Game seed: 6191835135323272190

183 qw the Chopper (level 5, -1/30 HPs)
             Began as a Tengu Warper on Aug 28, 2022.
             Killed by divine providence
             ... invoked by an orc priest
              (11 damage)
             ... on level 3 of the Dungeon.
             The game lasted 00:00:11 (2523 turns).

qw the Chopper (Tengu Warper)                       Turns: 2523, Time: 00:00:11

Health: -1/30      AC:  8    Str: 13    XL:     5   Next: 62%
Magic:  9/9        EV:  7    Int: 13    God:
Gold:   31         SH:  0    Dex: 14    Spells: 8/8 levels left

rFire   . . .      SeeInvis .   Y - +1 hand axe
rCold   . . .      Faith    .   (no shield)
rNeg    . . .      Spirit   .   f - +0 chain mail
rPois   .          Reflect  .   (helmet restricted)
rElec   .          Harm     .   (no cloak)
rCorr   .          Rampage  .   (no gloves)
Will    .....                   (boots unavailable)
Stlth   ..........              (no amulet)
HPRegen 0.10/turn               (no ring)
MPRegen 0.11/turn               (no ring)

@: flying quickly and evasively, quick
A: beak, talons 3, nimble flight
a: no special abilities


You were on level 3 of the Dungeon.
You visited 1 branch of the dungeon, and saw 3 of its levels.

You collected 181 gold pieces.
You spent 150 gold pieces at shops.


Innate Abilities, Weirdness & Mutations

You have a beak for a mouth.
You have claws for feet.
Your magical nature lets you fly swiftly and evasively.


   Skills:
 - Level 2.0 Fighting
 - Level 6.2 Axes
 - Level 1.0 Throwing
 + Level 1.1 Armour
 - Level 2.1 Dodging
 - Level 2.0 Spellcasting
 - Level 2.4 Translocations


You had 8 spell levels left.
You didn't know any spells.
Your spell library contained the following spells:

 Spells                   Type           Power      Damage    Failure   Level
 Blink                    Tloc           14%        N/A       99%         2
 Gell's Gravitas          Tloc           7%         N/A       100%        3
 Lesser Beckoning         Tloc           7%         N/A       100%        3
 Teleport Other           Tloc           7%         N/A       100%        3
 Manifold Assault         Tloc           7%         N/A       100%        5

Inventory:

Hand Weapons
 a - a +0 flail
 Y - a +1 hand axe (weapon)
Missiles
 b - 2 javelins (quivered)
 g - 4 boomerangs
Armour
 f - a +0 chain mail (worn)
Potions
 c - a potion of berserk rage {unknown}
 d - a potion of flight {unknown}
 e - a potion of curing {unknown}

Dungeon Overview and Level Annotations

Branches:
Dungeon (3/15)

Altars:

Shops:
D:3 (


Message History

You barely miss the orc priest. The orc priest hits you with a +0 mace.
You barely miss the orc priest. You claw the orc priest.
The orc priest is lightly wounded.
The orc priest closely misses you.
You hit the orc priest but do no damage.
You claw the orc priest, but do no damage.
Your peck misses the orc priest.
The orc priest is lightly wounded.
The orc priest hits you but does no damage.
You hit the orc priest. Your peck misses the orc priest.
The orc priest is heavily wounded.
The orc priest barely misses you.
You hit the orc priest but do no damage.
You peck the orc priest, but do no damage.
The orc priest is heavily wounded.
The orc priest hits you with a +0 mace.
You closely miss the orc priest. Your peck misses the orc priest.
The orc priest is heavily wounded.
The orc priest hits you but does no damage.
You hit the orc priest. Your kick misses the orc priest.
The orc priest is heavily wounded.
The orc priest hits you with a +0 mace.
You hit the orc priest. You peck the orc priest.
The orc priest is severely wounded.
The orc priest hits you but does no damage.
You slash the orc priest!
You kill the orc priest!
Your Axes skill increases to level 6!
You start resting.
An orc priest is nearby!
The orc priest shouts!
The orc priest invokes the aid of Beogh against you.
Beogh smites you!
You closely miss the orc priest. Your kick misses the orc priest.
You peck the orc priest.
The orc priest is lightly wounded.
The orc priest calls down the wrath of Beogh upon you.
Beogh smites you!
You die...

.!~ #o~ #(. #.##
#?################
##.##.............
##)..#.......####
##.#.###.####.# ##
#@..## ##.# #.###.
#.o###.###.##
#.##.. #.# ##.#..#
#.#... #. #..#.#
#..... #
#..#.####.....
#.........(...
#...#..####...
##.....# ##..
#.#.#.# ####.


You could see an orc priest.

Vanquished Creatures
  2 orc priests (D:3)
  Natasha (twice) (D:3)
  An orc wizard (D:3)
  A worm (D:2)
  A dart slug (D:1)
  5 orcs (D:3)
  A ball python (D:1)
  3 bats
  6 endoplasms
  4 giant cockroaches
  4 hobgoblins
  A kobold (D:2)
  3 quokkas
  2 frilled lizards
  3 goblins
  A rat (D:1)
40 creatures vanquished.

Vanquished Creatures (others)
  A fungus (D:3)
1 creature vanquished.

Grand Total: 41 creatures vanquished

Notes
Turn   | Place    | Note
-------+----------+-------------------------------------------
     0 | D:1      | qw the Tengu Warper began the quest for the Orb.
     0 | D:1      | Reached XP level 1. HP: 12/12 MP: 4/4
     0 | D:1      | 0 ||| qw: Version: 0.1-a-89-g26bdef1
     0 | D:1      | 0 ||| qw: Game counter: 518
     0 | D:1      | 0 ||| qw: Always use a shield: true
     0 | D:1      | 0 ||| qw: God list: Okawaru
     0 | D:1      | 0 ||| qw: Allow faded altars: false
     0 | D:1      | 0 ||| qw: Do Orc after D:15 true
     0 | D:1      | 0 ||| qw: Do second Lair branch before Depths: true
     0 | D:1      | 0 ||| qw: Lair rune preference: random
     0 | D:1      | 0 ||| qw: Plans: Normal
     0 | D:1      | 0 ||| PLANNING D:1-11
   268 | D:1      | Reached XP level 2. HP: 17/17 MP: 6/6
   275 | D:1      | Reached skill level 3 in Axes
   302 | D:1      | 302 ||| Stepping ~*~*~tactically~*~*~ (hiding).
   704 | D:1      | 704 ||| DROPPING +0 club.
   975 | D:1      | 975 ||| UPGRADING to +0 chain mail.
   985 | D:1      | 985 ||| DROPPING +0 leather armour.
   986 | D:1      | 986 ||| READING scroll labelled HAM ILODEO.
   987 | D:1      | 987 ||| READING scroll labelled ZAGUFUASIA.
   988 | D:1      | 988 ||| READING scroll labelled YCOTO VYKHLUOGH.
   989 | D:1      | 989 ||| DROPPING scroll of blinking.
  1080 | D:2      | 1080 ||| Stepping ~*~*~tactically~*~*~ (stealth).
  1081 | D:2      | 1081 ||| Stepping ~*~*~tactically~*~*~ (stealth).
  1189 | D:2      | Reached XP level 3. HP: 21/21 MP: 7/7
  1275 | D:2      | 1275 ||| Stepping ~*~*~tactically~*~*~ (stealth).
  1350 | D:2      | Reached skill level 4 in Axes
  1416 | D:2      | 1416 ||| FLEEEEING.
  1626 | D:2      | 1626 ||| Stepping ~*~*~tactically~*~*~ (stealth).
  1710 | D:2      | 1710 ||| READING scroll labelled JEYTWI ISOIKH.
  1763 | D:3      | Reached XP level 4. HP: 10/26 MP: 8/8
  1959 | D:3      | Noticed Natasha
  1971 | D:3      | Killed Natasha
  1972 | D:3      | Reached skill level 5 in Axes
  2188 | D:3      | 2188 ||| Stepping ~*~*~tactically~*~*~ (hiding).
  2192 | D:3      | Gained mutation: Your magical nature lets you fly swiftly
                  | and evasively. [Tengu growth]
  2192 | D:3      | Reached XP level 5. HP: 28/30 MP: 9/9
  2218 | D:3      | 2218 ||| DROPPING +0 whip.
  2293 | D:3      | Found Xuubb's Antique Weapon Emporium.
  2302 | D:3      | 2302 ||| BUYING runed mace (150 gold).
  2302 | D:3      | Bought a runed mace for 150 gold pieces
  2302 | D:3      | 2302 ||| DROPPING +1 antimagic mace.
  2333 | D:3      | Noticed Natasha
  2334 | D:3      | 2334 ||| Stepping ~*~*~tactically~*~*~ (stealth).
  2336 | D:3      | 2336 ||| Stepping ~*~*~tactically~*~*~ (hiding).
  2338 | D:3      | 2338 ||| Stepping ~*~*~tactically~*~*~ (hiding).
  2339 | D:3      | 2339 ||| Stepping ~*~*~tactically~*~*~ (hiding).
  2341 | D:3      | 2341 ||| Stepping ~*~*~tactically~*~*~ (hiding).
  2347 | D:3      | Killed Natasha
  2484 | D:3      | 2484 ||| Stepping ~*~*~tactically~*~*~ (stealth).
  2487 | D:3      | 2487 ||| Stepping ~*~*~tactically~*~*~ (hiding).
  2488 | D:3      | 2488 ||| Stepping ~*~*~tactically~*~*~ (hiding).
  2505 | D:3      | Reached skill level 6 in Axes
  2523 | D:3      | Killed from afar by an orc priest

Levels and vault maps discovered:
D:1:      lightli_arrival_maybe_door_vault, layout_basic
D:2:      layout_basic
D:3:      layout_loops_ring, tso_oasis_becter, serial_shops, nicolae_shop_trees,
          shapermc_ecumenical_altar_acropolis, uniq_natasha

Skill      XL: |  1  2  3  4  5 |
---------------+----------------+-----
Axes           | 3 4 5 6 |  6.2
Fighting       | |  2.0
Throwing       | |  1.0
Armour         | |  1.1
Dodging        | |  2.1
Spellcasting   | |  2.0
Translocations | |  2.4

Action                   |  1- 3 |  4- 6 || total
-------------------------+-------+-------++-------
Melee: Hand axe          |    46 |    49 ||    95
       Kick              |    13 |    15 ||    28
       Peck              |     5 |    10 ||    15
Throw: Boomerang         |    17 |       ||    17
       Javelin           |    19 |     6 ||    25
  Use: Scroll            |     4 |       ||     4
Armor: Leather armour    |     2 |       ||     2
       Chain mail        |     8 |    21 ||    29
Dodge: Dodged            |    12 |     8 ||    20

Table legend:
 A = Non-vault XP
 B = Vault XP
 C = Vault XP percentage of total XP
 D = Non-vault monster count
 E = Vault monster count
 F = Vault count percentage of total count
                 A         B        C        D         E       F
            +---------+---------+-------+---------+---------+-------
      Total |     227 |      35 |  13.4 |      39 |       1 |   2.5
            +---------+---------+-------+---------+---------+-------
        D:1 |      27 |       0 |   0.0 |      14 |       0 |   0.0
        D:2 |      28 |       0 |   0.0 |      13 |       0 |   0.0
        D:3 |     172 |      35 |  16.9 |      12 |       1 |   7.7
            +---------+---------+-------+---------+---------+-------
